 Dungeon Crawl Stone Soup version 0.22-a0-322-g60b3cfd (webtiles) character file.

32 4thArraOfDagon the Conjurer (level 3, -3/39 HPs)
             Began as a Hill Orc Air Elementalist on Apr 4, 2018.
             Slain by Sigmund
             ... wielding a +0 scythe of venom
              (6 damage)
             ... on level 4 of the Dungeon.
             The game lasted 00:03:24 (585 turns).

4thArraOfDagon the Conjurer (HOAE)                   Turns: 585, Time: 00:03:25

Health: -3/39      AC: 21    Str: 10    XL:     3   Next: 27%
Magic:  0/5        EV:  2    Int: 16    God:
Gold:   23         SH:  0    Dex: 11    Spells: 4/5 levels left

rFire    . . .     SeeInvis .   i - +2 dagger (holy)
rCold    . . .     Gourm    .   (no shield)
rNeg     + + +     Faith    .   (armour currently unavailable)
rPois    +         Spirit   .   (helmet currently unavailable)
rElec    .         Reflect  .   (cloak currently unavailable)
rCorr    .         Harm     .   (gloves currently unavailable)
MR       .....     NoTele   +   (boots currently unavailable)
Stlth    ++........             (no amulet)
HPRegen  0.13/turn              (no ring)
MPRegen  0.09/turn              (no ring)

@: lethally poisoned (-3 -> -7), tree-form
A: no striking features
a: no special abilities


You were on level 4 of the Dungeon.
You were not hungry.
You were a tree.
You visited 1 branch of the dungeon, and saw 4 of its levels.

You collected 23 gold pieces.

Inventory:

Hand Weapons
 i - a +2 dagger of holy wrath (weapon)
Armour
 a - a +1 robe (melded)
Jewellery
 d - an uncursed ring of fire
Scrolls
 g - a scroll of remove curse
Comestibles
 c - 3 rations


   Skills:
 - Level 1.5 Dodging
 - Level 1.5 Stealth
 - Level 1.5 Spellcasting
 * Level 3.1 Conjurations
 - Level 2.4 Air Magic


You had 4 spell levels left.
You knew the following spells:

 Your Spells              Type           Power        Failure   Level  Hunger
a - Shock                 Conj/Air       ##..         7%          1    ##.....


Dungeon Overview and Level Annotations

Branches:
Dungeon (4/15)
 Temple: D:4-7

Altars:

Annotations:
D:4 Sigmund


Message History

Sigmund is severely wounded.
You feel sick.
Sigmund zaps a wand.
The puff of flame hits you!
You are too injured to fight recklessly!
You are too injured to fight recklessly!
You hit Sigmund.
Sigmund is almost dead.
Sigmund zaps a wand.
The puff of flame hits you!
* * * LOW HITPOINT WARNING * * *
Unknown command.
Casting: Shock (safe; 7% risk of failure)
Confirm with . or Enter, or press ? or * to list all spells.
Aiming: Shock (safe; 7% risk of failure)
Press: ? - help, Shift-Dir - straight line, f/p - Sigmund
Aim: Sigmund, wielding a scythe of venom, wearing a robe and carrying a wand of flame (26) (almost dead)
The zap hits Sigmund.
Sigmund is almost dead.
* * * LOW HITPOINT WARNING * * *
You feel sick.
Sigmund hits you with a scythe of venom.
You die...

.... ##.<........@..#
.....## ###..............
#......####..............#
#..#............@.#
##................#
###.............#
#.............#
#.............##
#....♣@........#
##.............#
#..............#
#.<............#
##..............#
##............##
######.....##. #######


You could see Sigmund.

Vanquished Creatures
  An adder (D:3)
  A leopard gecko (D:4)
  5 bats
  2 giant cockroaches
  2 goblins
  3 hobgoblins
  A jackal (D:4)
  2 kobolds
  2 rats
19 creatures vanquished.

Notes
Turn   | Place    | Note
-------+----------+-------------------------------------------
     0 | D:1      | 4thArraOfDagon the Hill Orc Air Elementalist began the quest for the Orb.
     0 | D:1      | Reached XP level 1. HP: 14/14 MP: 3/3
    76 | D:1      | Reached skill level 2 in Conjurations
    76 | D:1      | Reached XP level 2. HP: 17/20 MP: 1/4
   457 | D:3      | Reached skill level 3 in Conjurations
   457 | D:3      | Reached XP level 3. HP: 11/26 MP: 1/5
   497 | D:3      | Noticed a hungry ghost
   553 | D:4      | Noticed Sigmund
   563 | D:3      | Noticed a scorpion
   585 | D:4      | Slain by Sigmund

Vault maps used:
D:1:      dpeg_arrival_tiny_i, minmay_octomino_e4
D:2:      bloody_makhleb
D:4:      nicolae_overflow_quartered_altars, uniq_sigmund

Skill      XL: |  1  2 |
---------------+-------+-----
Conjurations   | 2 3 |  3.1
Dodging        | |  1.5
Stealth        | |  1.5
Spellcasting   | |  1.5
Air Magic      | |  2.4

Action                   || total
-------------------------++-------
Melee: Unarmed           ||     9
       Dagger            ||    18
 Cast: Shock             ||    31
  Use: Scroll            ||     4
       Potion            ||     3
Armor: Robe              ||    37
       Skin              ||     6
Dodge: Dodged            ||    90

Table legend:
 A = Spawn XP
 B = Non-spawn XP
 C = Spawn XP percentage of total XP
 D = Spawn monster count
 E = Non-spawn monster count
 F = Spawn count percentage of total count
 G = Total turns spent on level
                    A         B        C        D         E        F      G
               +---------+---------+-------+---------+---------+-------+---------
         Total |       0 |      47 |   0.0 |       0 |      19 |   0.0 |   585
               +---------+---------+-------+---------+---------+-------+---------
           D:1 |       0 |      13 |   0.0 |       0 |       7 |   0.0 |   157
           D:2 |       0 |      13 |   0.0 |       0 |       7 |   0.0 |   272
           D:3 |       0 |      14 |   0.0 |       0 |       2 |   0.0 |    84
           D:4 |       0 |       7 |   0.0 |       0 |       3 |   0.0 |    72
               +---------+---------+-------+---------+---------+-------+---------
